Jets vs Predators

Created - October-14-14 at 17:08

Goals
1 2 3 T
Jets 0 0 1 1
Predators 2 3 0 5
Shots
1 2 3 T
Jets 10 9 7 26
Predators 9 19 7 35

1st period

1. Predators , Jaden Schwartz 1 (Zbynek Michalek) at 7:00
2. Predators , Max Pacioretty 1 (Jaden Schwartz) at 14:22

Penalties :
Nicklas Backstrom (NSH) for Diving (Minor) at 15:46, Kimmo Timonen (WPG) for Slashing (Minor) at 18:53

2nd period

3. Predators , Jaden Schwartz 2 (Nicklas Backstrom, Roman Josi) at 2:13
4. Predators , Roman Josi 2 (Max Pacioretty, Jaden Schwartz) at 3:41
5. Predators , Steven Stamkos 1 (Zbynek Michalek, T.J. Oshie) at 13:17

Penalties :
Anders Lee (WPG) for Roughing (Minor) at 10:02

3rd period

6. Jets , Jamie Benn 2 (Corey Perry, Andre Benoit) at 16:49

Penalties :
Troy Brouwer (WPG) for Interference (Minor) at 1:01, Jonathan Ericsson (WPG) for Tripping (Minor) at 6:17, Jordie Benn (NSH) for Elbowing (Minor) at 11:02, Connor Murphy (WPG) for Hooking (Minor) at 17:47, T.J. Oshie (NSH) for Goalie Interference (Minor) at 18:48

Goalie Stats

Cory Schneider (WPG), 23 saves from 25 shots - (0.920), 37:47 minutes
Tim Thomas (WPG), 7 saves from 10 shots - (0.700), L, 0-1-0, 22:13 minutes
Anton Khudobin (NSH), 25 saves from 26 shots - (0.962), W, 2-1-0, 60:00 minutes

Players Stats for Jets

Player Name              G  A  P  +/- PIM S  H  SB GA TA FO     MP     PP MP  PK MP  
------------------------------------------------------------------------------------
Anders Lee               0  0  0  -2  2   2  1  0  0  0  0/0    19:27   2:10   0:12 
Andre Benoit             0  1  1   0  0   0  0  3  0  0  0/0    23:19   2:09   5:25 
Boyd Gordon              0  0  0   0  0   0  0  0  0  0  4/16   10:14   0:00   7:03 
Connor Murphy            0  0  0  -2  2   1  5  1  0  0  0/0    22:11   2:02   2:07 
Corey Perry              0  1  1  -2  0   5  1  0  0  0  0/1    19:40   2:01   0:00 
Jamie Benn               1  0  1  -2  0   2  1  0  0  0  11/25  22:10   2:01   2:30 
Jason Garrison           0  0  0  -2  0   1  0  1  0  0  0/0    17:42   2:09   2:45 
Joe Pavelski             0  0  0  -2  0   6  1  1  0  0  15/24  20:06   2:01   0:26 
Jonathan Ericsson        0  0  0   0  2   1  5  1  0  0  0/0    20:35   0:00   4:35 
Josh Bailey              0  0  0   0  0   2  1  0  0  0  0/0     8:23   0:00   0:00 
Kimmo Timonen            0  0  0  -2  2   0  1  0  0  0  0/0    23:39   2:02   3:02 
Martin St. Louis         0  0  0  -2  0   4  0  0  0  0  0/2    20:53   2:10   1:04 
Matt Read                0  0  0   0  0   0  0  0  0  0  0/0    18:13   0:00   6:39 
Nate Schmidt             0  0  0  -1  0   1  2  0  0  0  0/0     7:17   0:00   0:00 
Nick Bonino              0  0  0   0  0   1  1  0  0  0  6/17   10:33   2:10   0:00 
Nicklas Grossmann        0  0  0  -1  0   0  0  0  0  0  0/0     5:14   0:00   0:00 
Pascal Dupuis            0  0  0   0  0   0  0  0  0  0  0/0     3:11   0:00   0:00 
Troy Brouwer             0  0  0  -2  2   0  4  0  0  0  0/1    17:13   0:00   0:00 

Players Stats for Predators

Player Name              G  A  P  +/- PIM S  H  SB GA TA FO     MP     PP MP  PK MP  
------------------------------------------------------------------------------------
Artem Anisimov           0  0  0   0  0   1  0  0  0  0  0/1    16:27   3:40   1:18 
Casey Cizikas            0  0  0   0  0   1  1  0  0  0  3/6     5:19   0:00   0:00 
Cody Franson             0  0  0   0  0   1  1  0  0  0  0/0     9:12   5:17   0:00 
Derick Brassard          0  0  0   0  0   2  1  0  0  0  9/13   11:29   0:00   0:00 
Jaden Schwartz           2  2  4   4  0   5  0  1  0  0  1/1    19:24   3:45   0:07 
John Moore               0  0  0   2  0   0  1  1  0  0  0/0    18:31   3:40   0:00 
Jordie Benn              0  0  0   1  2   0  2  0  0  0  0/0    12:59   0:00   1:06 
Justin Abdelkader        0  0  0   0  0   1  0  0  0  0  0/2     6:45   0:00   1:18 
Max Pacioretty           1  1  2   4  0   2  0  0  0  0  1/3    21:34   5:12   0:00 
Nicklas Backstrom        0  1  1   4  2   2  1  0  0  0  16/26  20:51   5:12   0:00 
Nikita Zadorov           0  0  0   1  0   3  2  2  0  0  0/0    18:18   0:00   2:06 
Patrik Berglund          0  0  0   0  0   3  0  0  0  0  0/0    16:48   0:00   0:00 
Roman Josi               1  1  2   2  0   5  1  1  0  0  0/0    25:01   5:17   0:58 
Steven Stamkos           1  0  1   0  0   6  1  0  0  0  2/4    22:22   5:12   2:46 
T.J. Oshie               0  1  1   0  2   2  0  0  0  0  1/1    17:18   3:44   0:00 
Valtteri Filppula        0  0  0   0  0   1  1  0  0  0  17/29  20:12   3:45   2:53 
Zach Bogosian            0  0  0   1  0   0  2  1  0  0  0/0    18:19   0:00   2:07 
Zbynek Michalek          0  2  2   1  0   0  0  2  0  0  0/0    13:59   0:00   2:05 

3 Stars

1 - Jaden Schwartz (NSH)
2 - Max Pacioretty (NSH)
3 - Roman Josi (NSH)

Power Play

Jets - 0 on 3 Attempt(s) - 0.00%
Predators - 0 on 5 Attempt(s) - 0.00%

Penalty Kill

Jets - 5 on 5 Attempt(s) - 100.00% - Score 0 goal in Penalty Kill
Predators - 3 on 3 Attempt(s) - 100.00% - Score 0 goal in Penalty Kill

Official

Referees : Trevor Hanson and Dennis LaRue
Linesman : Shane Heyer and Brian Murphy

Game Notes

Cory Schneider enters game at 2:13 of 2nd period

Finance

Level 1 -- Attendance: 5974 (91.91%) -- Ticket Income $561,556
Level 2 -- Attendance: 4806 (96.12%) -- Ticket Income $336,420
Level 3 -- Attendance: 3097 (88.49%) -- Ticket Income $154,850
Level 4 -- Attendance: 1113 (100.00%) -- Ticket Income $46,746
Luxury Box -- Attendance: 973 (97.30%) -- Ticket Income $155,680
Game was played at the Bridgestone Arena
Total Attendance: 15963 (93.28%)
Total Ticket Income: $1,255,252
Other Income: $188,288
Total Income: $1,443,540

% Time on Ice - Jets

Lines # - Real PCT - Wanted PCT - Time Play
Normal Forward
1 - 37% - 40% - 17:06
2 - 38% - 35% - 17:14
3 - 18% - 19% - 8:23
4 - 7% - 6% - 3:11
Normal Defense
1 - 39% - 43% - 18:03
2 - 34% - 34% - 15:36
3 - 15% - 13% - 7:01
4 - 11% - 10% - 5:14
PP Forward
1 - 48% - 65% - 2:01
2 - 52% - 35% - 2:10
PP Defense
1 - 49% - 70% - 2:02
2 - 51% - 30% - 2:09
PK Forward
1 - 100% - 75% - 8:57
2 - 0% - 25% - 0:00
PK Defense
1 - 68% - 60% - 6:05
2 - 32% - 40% - 2:52
PK3 Forward
1 - 0% - 70%
2 - 0% - 30%
PK3 Defense
1 - 0% - 60%
2 - 0% - 40%
44 Forward
1 - 57% - 51% - 0:33
2 - 43% - 49% - 0:25
44 Defense
1 - 57% - 51% - 0:33
2 - 43% - 49% - 0:25
Last Minute Offensive  - 0:00
Last Minute Defensive  - 0:00
Total
Forward - 60:00
Defense - 60:00

% Time on Ice - Predators

Lines # - Real PCT - Wanted PCT - Time Play
Normal Forward
1 - 34% - 35% - 15:32
2 - 30% - 32% - 13:34
3 - 25% - 25% - 11:29
4 - 12% - 8% - 5:19
Normal Defense
1 - 34% - 33% - 15:35
2 - 32% - 32% - 14:51
3 - 26% - 25% - 11:54
4 - 8% - 10% - 3:34
PP Forward
1 - 58% - 60% - 5:12
2 - 42% - 40% - 3:45
PP Defense
1 - 59% - 60% - 5:17
2 - 41% - 40% - 3:40
PK Forward
1 - 69% - 60% - 2:53
2 - 31% - 40% - 1:18
PK Defense
1 - 50% - 60% - 2:05
2 - 50% - 40% - 2:06
PK3 Forward
1 - 0% - 60%
2 - 0% - 40%
PK3 Defense
1 - 0% - 60%
2 - 0% - 40%
44 Forward
1 - 86% - 60% - 0:50
2 - 14% - 40% - 0:08
44 Defense
1 - 36% - 60% - 0:21
2 - 64% - 40% - 0:37
Last Minute Offensive  - 0:00
Last Minute Defensive  - 0:00
Total
Forward - 60:00
Defense - 60:00

Play by Play

1st period


0:01 of 1st period - Nicklas Backstrom wins face-off versus Jamie Benn in neutral zone.
0:57 of 1st period - Icing by Nikita Zadorov.
0:58 of 1st period - Joe Pavelski wins face-off versus Nicklas Backstrom in Predators zone.
1:13 of 1st period - Nikita Zadorov is hit by Troy Brouwer and loses puck.
1:32 of 1st period - Shot by Joe Pavelski.
1:32 of 1st period - Shot Misses the Net.
1:36 of 1st period - Shot by Martin St. Louis.
1:36 of 1st period - Shot Blocked by Jaden Schwartz.
1:38 of 1st period - Shot by Jonathan Ericsson.
1:38 of 1st period - Stopped by Anton Khudobin with a rebound.
2:48 of 1st period - Icing by John Moore.
2:49 of 1st period - Jamie Benn wins face-off versus Valtteri Filppula in Predators zone.
3:02 of 1st period - Shot by Jamie Benn.
3:02 of 1st period - Shot Misses the Net.
3:20 of 1st period - Shot by Corey Perry.
3:20 of 1st period - Stopped by Anton Khudobin without a rebound.
3:21 of 1st period - Derick Brassard wins face-off versus Joe Pavelski in Predators zone.
3:30 of 1st period - Shot by Zbynek Michalek.
3:30 of 1st period - Shot Misses the Net.
3:38 of 1st period - Shot by Derick Brassard.
3:38 of 1st period - Shot Misses the Net.
3:40 of 1st period - Shot by Zbynek Michalek.
3:40 of 1st period - Shot Blocked by Joe Pavelski.
3:54 of 1st period - Shot by Artem Anisimov.
3:54 of 1st period - Shot Misses the Net.
4:19 of 1st period - Icing by Zbynek Michalek.
4:20 of 1st period - Derick Brassard wins face-off versus Boyd Gordon in Predators zone.
4:39 of 1st period - Matt Read is hit by Cody Franson and loses puck.
5:46 of 1st period - Shot by Steven Stamkos.
5:46 of 1st period - Shot Misses the Net.
6:16 of 1st period - Kimmo Timonen is hit by Roman Josi and loses puck.
7:00 of 1st period - Shot by Jaden Schwartz.
7:00 of 1st period - Goal by Jaden Schwartz - Jets : 0 - Predators : 1.
7:01 of 1st period - Nick Bonino wins face-off versus Nicklas Backstrom in neutral zone.
7:30 of 1st period - Max Pacioretty is hit by Jonathan Ericsson and loses puck.
7:44 of 1st period - Off-side.
7:45 of 1st period - Joe Pavelski wins face-off versus Valtteri Filppula in neutral zone.
7:52 of 1st period - Shot by Joe Pavelski.
7:52 of 1st period - Shot Misses the Net.
8:06 of 1st period - Shot by Valtteri Filppula.
8:06 of 1st period - Deflect By Steven Stamkos.
8:06 of 1st period - Stopped by Tim Thomas without a rebound.
8:07 of 1st period - Derick Brassard wins face-off versus Boyd Gordon in Jets zone.
9:10 of 1st period - Steven Stamkos is hit by Jonathan Ericsson and loses puck.
9:23 of 1st period - Shot by Martin St. Louis.
9:23 of 1st period - Stopped by Anton Khudobin with a rebound.
9:38 of 1st period - Valtteri Filppula is hit by Jonathan Ericsson and loses puck.
10:00 of 1st period - Icing by Connor Murphy.
10:01 of 1st period - Max Pacioretty wins face-off versus Jamie Benn in Jets zone.
10:14 of 1st period - Shot by Jaden Schwartz.
10:14 of 1st period - Shot Blocked by Connor Murphy.
10:16 of 1st period - Shot by Jaden Schwartz.
10:16 of 1st period - Stopped by Tim Thomas without a rebound.
10:17 of 1st period - Casey Cizikas wins face-off versus Nick Bonino in Jets zone.
10:38 of 1st period - Shot by Justin Abdelkader.
10:38 of 1st period - Stopped by Tim Thomas without a rebound.
10:39 of 1st period - Joe Pavelski wins face-off versus Nicklas Backstrom in Jets zone.
10:50 of 1st period - Shot by Joe Pavelski.
10:50 of 1st period - Stopped by Anton Khudobin without a rebound.
10:51 of 1st period - Derick Brassard wins face-off versus Corey Perry in Predators zone.
11:37 of 1st period - Off-side.
11:38 of 1st period - Joe Pavelski wins face-off versus Valtteri Filppula in neutral zone.
12:07 of 1st period - Shot by Troy Brouwer.
12:07 of 1st period - Deflect By Joe Pavelski.
12:07 of 1st period - Shot Misses the Net.
12:09 of 1st period - Shot by Troy Brouwer.
12:09 of 1st period - Shot Misses the Net.
12:13 of 1st period - Shot by Joe Pavelski.
12:13 of 1st period - Stopped by Anton Khudobin with a rebound.
12:15 of 1st period - Shot by Martin St. Louis.
12:15 of 1st period - Stopped by Anton Khudobin without a rebound.
12:16 of 1st period - Nicklas Backstrom wins face-off versus Nick Bonino in Predators zone.
12:22 of 1st period - Icing by Nicklas Backstrom.
12:23 of 1st period - Nicklas Backstrom wins face-off versus Nick Bonino in Predators zone.
12:38 of 1st period - Shot by Josh Bailey.
12:38 of 1st period - Stopped by Anton Khudobin without a rebound.
12:39 of 1st period - Derick Brassard wins face-off versus Jamie Benn in Predators zone.
13:01 of 1st period - Shot by Nate Schmidt.
13:01 of 1st period - Shot Misses the Net.
13:03 of 1st period - Shot by Nate Schmidt.
13:03 of 1st period - Stopped by Anton Khudobin without a rebound.
13:04 of 1st period - Nicklas Backstrom wins face-off versus Troy Brouwer in Predators zone.
13:21 of 1st period - Shot by Nicklas Backstrom.
13:21 of 1st period - Stopped by Tim Thomas without a rebound.
13:22 of 1st period - Jamie Benn wins face-off versus Valtteri Filppula in Jets zone.
13:40 of 1st period - Shot by T.J. Oshie.
13:40 of 1st period - Stopped by Tim Thomas with a rebound.
13:54 of 1st period - Shot by Steven Stamkos.
13:54 of 1st period - Shot Misses the Net.
13:58 of 1st period - Shot by Valtteri Filppula.
13:58 of 1st period - Shot Misses the Net.
14:00 of 1st period - Shot by Roman Josi.
14:00 of 1st period - Stopped by Tim Thomas with a rebound.
14:02 of 1st period - Shot by Roman Josi.
14:02 of 1st period - Shot Blocked by Andre Benoit.
14:06 of 1st period - Shot by T.J. Oshie.
14:06 of 1st period - Shot Hit the Post.
14:22 of 1st period - Shot by Max Pacioretty.
14:22 of 1st period - Goal by Max Pacioretty - Jets : 0 - Predators : 2.
14:23 of 1st period - Joe Pavelski wins face-off versus Nicklas Backstrom in neutral zone.
14:23 of 1st period - Troy Brouwer is hit by Nicklas Backstrom.
14:37 of 1st period - Shot by Martin St. Louis.
14:37 of 1st period - Stopped by Anton Khudobin without a rebound.
14:38 of 1st period - Derick Brassard wins face-off versus Nick Bonino in Predators zone.
15:23 of 1st period - Shot by Nick Bonino.
15:23 of 1st period - Stopped by Anton Khudobin without a rebound.
15:24 of 1st period - Joe Pavelski wins face-off versus Max Pacioretty in Predators zone.
15:24 of 1st period - Kimmo Timonen is hit by John Moore.
15:46 of 1st period - Minor Penalty to Nicklas Backstrom for Diving.
15:47 of 1st period - Joe Pavelski wins face-off versus Valtteri Filppula in Predators zone.
15:56 of 1st period - Shot by Corey Perry.
15:56 of 1st period - Shot Blocked by Zach Bogosian.
17:21 of 1st period - Andre Benoit is hit by Valtteri Filppula and loses puck.
18:01 of 1st period - Icing by Nicklas Backstrom.
18:02 of 1st period - Nicklas Backstrom wins face-off versus Boyd Gordon in Predators zone.
18:27 of 1st period - Off-side.
18:28 of 1st period - Joe Pavelski wins face-off versus Casey Cizikas in neutral zone.
18:30 of 1st period - Off-side.
18:31 of 1st period - Joe Pavelski wins face-off versus Casey Cizikas in neutral zone.
18:50 of 1st period - Troy Brouwer is hit by Casey Cizikas.
18:53 of 1st period - Minor Penalty to Kimmo Timonen for Slashing.
18:54 of 1st period - Boyd Gordon wins face-off versus Nicklas Backstrom in Jets zone.
19:00 of 1st period - Icing by Roman Josi.
19:01 of 1st period - Boyd Gordon wins face-off versus Nicklas Backstrom in Predators zone.
19:22 of 1st period - Shot by Steven Stamkos.
19:22 of 1st period - Stopped by Tim Thomas without a rebound.
19:23 of 1st period - Valtteri Filppula wins face-off versus Boyd Gordon in Jets zone.
19:23 of 1st period - T.J. Oshie is hit by Jonathan Ericsson and loses puck.
Goals for this period are 0 for Jets vs 2 for Predators.
Shots for this period are 10 for Jets vs 9 for Predators.

2nd period


0:01 of 2nd period - Nicklas Backstrom wins face-off versus Boyd Gordon in neutral zone.
0:21 of 2nd period - Shot by Steven Stamkos.
0:21 of 2nd period - Shot Misses the Net.
0:29 of 2nd period - Shot by Max Pacioretty.
0:29 of 2nd period - Deflect By Steven Stamkos.
0:29 of 2nd period - Shot Misses the Net.
1:03 of 2nd period - Shot by Joe Pavelski.
1:03 of 2nd period - Stopped by Anton Khudobin without a rebound.
1:04 of 2nd period - Casey Cizikas wins face-off versus Jamie Benn in Predators zone.
1:33 of 2nd period - Shot by Anders Lee.
1:33 of 2nd period - Shot Misses the Net.
2:04 of 2nd period - Icing by Jason Garrison.
2:05 of 2nd period - Nicklas Backstrom wins face-off versus Joe Pavelski in Jets zone.
2:05 of 2nd period - Nicklas Backstrom is hit by Nate Schmidt.
2:13 of 2nd period - Shot by Jaden Schwartz.
2:13 of 2nd period - Goal by Jaden Schwartz - Jets : 0 - Predators : 3.
2:13 of 2nd period - Cory Schneider enters game.
2:14 of 2nd period - Valtteri Filppula wins face-off versus Nick Bonino in neutral zone.
2:17 of 2nd period - Shot by T.J. Oshie.
2:17 of 2nd period - Deflect By Steven Stamkos.
2:17 of 2nd period - Stopped by Cory Schneider without a rebound.
2:18 of 2nd period - Valtteri Filppula wins face-off versus Joe Pavelski in Jets zone.
3:35 of 2nd period - Shot by Jaden Schwartz.
3:35 of 2nd period - Shot Misses the Net.
3:37 of 2nd period - Shot by Roman Josi.
3:37 of 2nd period - Stopped by Cory Schneider with a rebound.
3:39 of 2nd period - Shot by Max Pacioretty.
3:39 of 2nd period - Shot Misses the Net.
3:41 of 2nd period - Shot by Roman Josi.
3:41 of 2nd period - Goal by Roman Josi - Jets : 0 - Predators : 4.
3:42 of 2nd period - Nick Bonino wins face-off versus Derick Brassard in neutral zone.
3:49 of 2nd period - Shot by Matt Read.
3:49 of 2nd period - Shot Misses the Net.
4:05 of 2nd period - Shot by Derick Brassard.
4:05 of 2nd period - Stopped by Cory Schneider without a rebound.
4:06 of 2nd period - Nicklas Backstrom wins face-off versus Joe Pavelski in Jets zone.
4:23 of 2nd period - Shot by Max Pacioretty.
4:23 of 2nd period - Deflect By Jaden Schwartz.
4:23 of 2nd period - Stopped by Cory Schneider without a rebound.
4:24 of 2nd period - Derick Brassard wins face-off versus Jamie Benn in Jets zone.
4:37 of 2nd period - Shot by Derick Brassard.
4:37 of 2nd period - Stopped by Cory Schneider without a rebound.
4:38 of 2nd period - Joe Pavelski wins face-off versus Nicklas Backstrom in Jets zone.
4:43 of 2nd period - Shot by Jaden Schwartz.
4:43 of 2nd period - Stopped by Cory Schneider with a rebound.
4:45 of 2nd period - Shot by Max Pacioretty.
4:45 of 2nd period - Shot Misses the Net.
5:57 of 2nd period - Shot by Anders Lee.
5:57 of 2nd period - Shot Blocked by Nikita Zadorov.
5:59 of 2nd period - Shot by Corey Perry.
5:59 of 2nd period - Shot Misses the Net.
6:01 of 2nd period - Shot by Corey Perry.
6:01 of 2nd period - Stopped by Anton Khudobin with a rebound.
6:05 of 2nd period - Shot by Connor Murphy.
6:05 of 2nd period - Stopped by Anton Khudobin without a rebound.
6:06 of 2nd period - Nick Bonino wins face-off versus Artem Anisimov in Predators zone.
6:14 of 2nd period - Nick Bonino is hit by Jordie Benn and loses puck.
6:41 of 2nd period - Patrik Berglund is hit by Nate Schmidt and loses puck.
6:50 of 2nd period - Shot by Josh Bailey.
6:50 of 2nd period - Stopped by Anton Khudobin without a rebound.
6:51 of 2nd period - Valtteri Filppula wins face-off versus Jamie Benn in Predators zone.
7:03 of 2nd period - Icing by John Moore.
7:04 of 2nd period - Valtteri Filppula wins face-off versus Martin St. Louis in Predators zone.
7:11 of 2nd period - Shot by Martin St. Louis.
7:11 of 2nd period - Stopped by Anton Khudobin without a rebound.
7:12 of 2nd period - Jaden Schwartz wins face-off versus Jamie Benn in Predators zone.
7:14 of 2nd period - Nicklas Backstrom is hit by Jamie Benn and loses puck.
7:20 of 2nd period - Kimmo Timonen is hit by Zach Bogosian.
7:26 of 2nd period - Shot by Anders Lee.
7:26 of 2nd period - Stopped by Anton Khudobin without a rebound.
7:27 of 2nd period - Valtteri Filppula wins face-off versus Joe Pavelski in Predators zone.
8:21 of 2nd period - Icing by Roman Josi.
8:22 of 2nd period - Jamie Benn wins face-off versus Valtteri Filppula in Predators zone.
8:27 of 2nd period - Shot by Corey Perry.
8:27 of 2nd period - Shot Misses the Net.
8:42 of 2nd period - Icing by Roman Josi.
8:43 of 2nd period - Nick Bonino wins face-off versus Valtteri Filppula in Predators zone.
8:47 of 2nd period - Icing by Valtteri Filppula.
8:48 of 2nd period - Valtteri Filppula wins face-off versus Jamie Benn in Predators zone.
8:48 of 2nd period - Roman Josi is hit by Anders Lee and loses puck.
9:09 of 2nd period - Nicklas Backstrom is hit by Connor Murphy and loses puck.
9:16 of 2nd period - Shot by Jaden Schwartz.
9:16 of 2nd period - Shot Misses the Net.
9:18 of 2nd period - Shot by Nikita Zadorov.
9:18 of 2nd period - Stopped by Cory Schneider with a rebound.
9:20 of 2nd period - Shot by Nicklas Backstrom.
9:20 of 2nd period - Shot Misses the Net.
9:29 of 2nd period - Max Pacioretty is hit by Connor Murphy and loses puck.
9:37 of 2nd period - Jaden Schwartz is hit by Connor Murphy and loses puck.
10:02 of 2nd period - Minor Penalty to Anders Lee for Roughing.
10:03 of 2nd period - Valtteri Filppula wins face-off versus Boyd Gordon in Jets zone.
10:22 of 2nd period - Shot by Valtteri Filppula.
10:22 of 2nd period - Shot Misses the Net.
10:30 of 2nd period - Shot by Roman Josi.
10:30 of 2nd period - Stopped by Cory Schneider without a rebound.
10:31 of 2nd period - Nicklas Backstrom wins face-off versus Boyd Gordon in Jets zone.
10:44 of 2nd period - Shot by Nicklas Backstrom.
10:44 of 2nd period - Shot Misses the Net.
11:04 of 2nd period - Connor Murphy is hit by Steven Stamkos.
11:40 of 2nd period - Shot by Valtteri Filppula.
11:40 of 2nd period - Shot Misses the Net.
11:42 of 2nd period - Shot by T.J. Oshie.
11:42 of 2nd period - Shot Misses the Net.
12:10 of 2nd period - Shot by Zach Bogosian.
12:10 of 2nd period - Shot Misses the Net.
12:12 of 2nd period - Shot by Zach Bogosian.
12:12 of 2nd period - Shot Misses the Net.
12:14 of 2nd period - Shot by Patrik Berglund.
12:14 of 2nd period - Stopped by Cory Schneider with a rebound.
12:16 of 2nd period - Shot by Casey Cizikas.
12:16 of 2nd period - Stopped by Cory Schneider with a rebound.
12:18 of 2nd period - Shot by Nikita Zadorov.
12:18 of 2nd period - Stopped by Cory Schneider with a rebound.
12:25 of 2nd period - Shot by Zach Bogosian.
12:25 of 2nd period - Shot Misses the Net.
12:44 of 2nd period - Casey Cizikas is hit by Troy Brouwer and loses puck.
13:03 of 2nd period - Shot by Steven Stamkos.
13:03 of 2nd period - Shot Misses the Net.
13:17 of 2nd period - Shot by Steven Stamkos.
13:17 of 2nd period - Goal by Steven Stamkos - Jets : 0 - Predators : 5.
13:18 of 2nd period - Nicklas Backstrom wins face-off versus Jamie Benn in neutral zone.
13:33 of 2nd period - Off-side.
13:34 of 2nd period - Derick Brassard wins face-off versus Nick Bonino in neutral zone.
13:57 of 2nd period - Matt Read is hit by Derick Brassard and loses puck.
14:16 of 2nd period - Zbynek Michalek is hit by Nick Bonino and loses puck.
14:34 of 2nd period - Off-side.
14:35 of 2nd period - Nicklas Backstrom wins face-off versus Jamie Benn in neutral zone.
15:00 of 2nd period - Off-side.
15:01 of 2nd period - Valtteri Filppula wins face-off versus Joe Pavelski in neutral zone.
15:04 of 2nd period - Shot by Steven Stamkos.
15:04 of 2nd period - Stopped by Cory Schneider with a rebound.
15:14 of 2nd period - Zach Bogosian is hit by Troy Brouwer and loses puck.
15:21 of 2nd period - Shot by Joe Pavelski.
15:21 of 2nd period - Stopped by Anton Khudobin without a rebound.
15:22 of 2nd period - Nicklas Backstrom wins face-off versus Nick Bonino in Predators zone.
15:24 of 2nd period - Icing by Roman Josi.
15:25 of 2nd period - Nicklas Backstrom wins face-off versus Jamie Benn in Predators zone.
15:52 of 2nd period - Shot by Max Pacioretty.
15:52 of 2nd period - Stopped by Cory Schneider with a rebound.
15:54 of 2nd period - Shot by Nicklas Backstrom.
15:54 of 2nd period - Stopped by Cory Schneider without a rebound.
15:55 of 2nd period - Joe Pavelski wins face-off versus Derick Brassard in Jets zone.
16:33 of 2nd period - Shot by Troy Brouwer.
16:33 of 2nd period - Shot Blocked by Nikita Zadorov.
17:05 of 2nd period - Shot by Jamie Benn.
17:05 of 2nd period - Stopped by Anton Khudobin without a rebound.
17:06 of 2nd period - Nick Bonino wins face-off versus Valtteri Filppula in Predators zone.
17:12 of 2nd period - Off-side.
17:13 of 2nd period - Jamie Benn wins face-off versus Nicklas Backstrom in neutral zone.
18:15 of 2nd period - T.J. Oshie is hit by Josh Bailey and loses puck.
18:46 of 2nd period - Icing by Zbynek Michalek.
18:47 of 2nd period - Joe Pavelski wins face-off versus Valtteri Filppula in Predators zone.
18:54 of 2nd period - Shot by Martin St. Louis.
18:54 of 2nd period - Deflect By Joe Pavelski.
18:54 of 2nd period - Stopped by Anton Khudobin without a rebound.
18:55 of 2nd period - Derick Brassard wins face-off versus Joe Pavelski in Predators zone.
19:00 of 2nd period - Shot by Artem Anisimov.
19:00 of 2nd period - Stopped by Cory Schneider with a rebound.
19:02 of 2nd period - Shot by Artem Anisimov.
19:02 of 2nd period - Deflect By Patrik Berglund.
19:02 of 2nd period - Stopped by Cory Schneider without a rebound.
19:03 of 2nd period - Jamie Benn wins face-off versus Derick Brassard in Jets zone.
19:31 of 2nd period - Corey Perry is hit by Nikita Zadorov and loses puck.
Goals for this period are 0 for Jets vs 3 for Predators.
Shots for this period are 9 for Jets vs 19 for Predators.

3rd period


0:01 of 3rd period - Jamie Benn wins face-off versus Nicklas Backstrom in neutral zone.
0:13 of 3rd period - Icing by Roman Josi.
0:14 of 3rd period - Joe Pavelski wins face-off versus Nicklas Backstrom in Predators zone.
0:44 of 3rd period - Roman Josi is hit by Jonathan Ericsson and loses puck.
1:01 of 3rd period - Minor Penalty to Troy Brouwer for Interference.
1:02 of 3rd period - Valtteri Filppula wins face-off versus Boyd Gordon in Jets zone.
1:11 of 3rd period - Shot by Roman Josi.
1:11 of 3rd period - Deflect By T.J. Oshie.
1:11 of 3rd period - Stopped by Cory Schneider without a rebound.
1:12 of 3rd period - Boyd Gordon wins face-off versus Valtteri Filppula in Jets zone.
1:40 of 3rd period - Shot by Cody Franson.
1:40 of 3rd period - Shot Misses the Net.
1:58 of 3rd period - Icing by Roman Josi.
1:59 of 3rd period - Valtteri Filppula wins face-off versus Boyd Gordon in Predators zone.
3:14 of 3rd period - Off-side.
3:15 of 3rd period - Jamie Benn wins face-off versus Justin Abdelkader in neutral zone.
3:45 of 3rd period - Shot by Justin Abdelkader.
3:45 of 3rd period - Shot Blocked by Jason Garrison.
3:53 of 3rd period - Shot by Patrik Berglund.
3:53 of 3rd period - Shot Misses the Net.
4:25 of 3rd period - T.J. Oshie is hit by Connor Murphy and loses puck.
4:38 of 3rd period - Shot by Nikita Zadorov.
4:38 of 3rd period - Stopped by Cory Schneider with a rebound.
4:40 of 3rd period - Shot by Zach Bogosian.
4:40 of 3rd period - Shot Misses the Net.
5:35 of 3rd period - Shot by Josh Bailey.
5:35 of 3rd period - Shot Blocked by John Moore.
6:17 of 3rd period - Minor Penalty to Jonathan Ericsson for Tripping.
6:18 of 3rd period - Valtteri Filppula wins face-off versus Boyd Gordon in Jets zone.
6:51 of 3rd period - Shot by Roman Josi.
6:51 of 3rd period - Stopped by Cory Schneider without a rebound.
6:52 of 3rd period - Boyd Gordon wins face-off versus Max Pacioretty in Jets zone.
7:08 of 3rd period - Icing by John Moore.
7:09 of 3rd period - Nicklas Backstrom wins face-off versus Boyd Gordon in Predators zone.
8:07 of 3rd period - Shot by Cody Franson.
8:07 of 3rd period - Stopped by Cory Schneider with a rebound.
8:09 of 3rd period - Shot by T.J. Oshie.
8:09 of 3rd period - Shot Blocked by Andre Benoit.
9:02 of 3rd period - Icing by Zach Bogosian.
9:03 of 3rd period - Nick Bonino wins face-off versus Casey Cizikas in Predators zone.
9:03 of 3rd period - Josh Bailey is hit by Nikita Zadorov and loses puck.
9:19 of 3rd period - Icing by Nate Schmidt.
9:20 of 3rd period - Steven Stamkos wins face-off versus Nick Bonino in Jets zone.
9:42 of 3rd period - Icing by Roman Josi.
9:43 of 3rd period - T.J. Oshie wins face-off versus Jamie Benn in Predators zone.
10:08 of 3rd period - Shot by Steven Stamkos.
10:08 of 3rd period - Shot Misses the Net.
10:10 of 3rd period - Shot by Valtteri Filppula.
10:10 of 3rd period - Stopped by Cory Schneider with a rebound.
10:18 of 3rd period - Shot by Steven Stamkos.
10:18 of 3rd period - Shot Blocked by Andre Benoit.
11:01 of 3rd period - Joe Pavelski is hit by Jordie Benn and loses puck.
11:02 of 3rd period - Minor Penalty to Jordie Benn for Elbowing.
11:03 of 3rd period - Valtteri Filppula wins face-off versus Nick Bonino in Predators zone.
11:21 of 3rd period - Shot by Jason Garrison.
11:21 of 3rd period - Shot Misses the Net.
11:23 of 3rd period - Shot by Anders Lee.
11:23 of 3rd period - Stopped by Anton Khudobin without a rebound.
11:24 of 3rd period - Joe Pavelski wins face-off versus Valtteri Filppula in Predators zone.
11:53 of 3rd period - Justin Abdelkader is hit by Corey Perry and loses puck.
11:58 of 3rd period - Shot by Joe Pavelski.
11:58 of 3rd period - Stopped by Anton Khudobin without a rebound.
11:59 of 3rd period - Valtteri Filppula wins face-off versus Nick Bonino in Predators zone.
12:18 of 3rd period - Shot by Martin St. Louis.
12:18 of 3rd period - Deflect By Anders Lee.
12:18 of 3rd period - Shot Blocked by Zbynek Michalek.
14:27 of 3rd period - Zach Bogosian is hit by Troy Brouwer and loses puck.
14:37 of 3rd period - Nikita Zadorov is hit by Connor Murphy and loses puck.
15:24 of 3rd period - Shot by Steven Stamkos.
15:24 of 3rd period - Shot Blocked by Jonathan Ericsson.
15:30 of 3rd period - Shot by Jamie Benn.
15:30 of 3rd period - Shot Blocked by Zbynek Michalek.
15:32 of 3rd period - Shot by Corey Perry.
15:32 of 3rd period - Shot Misses the Net.
15:34 of 3rd period - Shot by Jamie Benn.
15:34 of 3rd period - Shot Misses the Net.
15:40 of 3rd period - Shot by Corey Perry.
15:40 of 3rd period - Stopped by Anton Khudobin without a rebound.
15:41 of 3rd period - Nicklas Backstrom wins face-off versus Nick Bonino in Predators zone.
16:47 of 3rd period - Shot by Corey Perry.
16:47 of 3rd period - Shot Misses the Net.
16:49 of 3rd period - Shot by Jamie Benn.
16:49 of 3rd period - Goal by Jamie Benn - Jets : 1 - Predators : 5.
16:50 of 3rd period - Casey Cizikas wins face-off versus Martin St. Louis in neutral zone.
16:52 of 3rd period - Off-side.
16:53 of 3rd period - Joe Pavelski wins face-off versus Derick Brassard in neutral zone.
17:03 of 3rd period - Martin St. Louis is hit by Zach Bogosian and loses puck.
17:14 of 3rd period - Shot by Artem Anisimov.
17:14 of 3rd period - Shot Misses the Net.
17:28 of 3rd period - Shot by Patrik Berglund.
17:28 of 3rd period - Stopped by Cory Schneider without a rebound.
17:29 of 3rd period - Valtteri Filppula wins face-off versus Jamie Benn in Jets zone.
17:30 of 3rd period - Shot by T.J. Oshie.
17:30 of 3rd period - Shot Misses the Net.
17:33 of 3rd period - Icing by Connor Murphy.
17:34 of 3rd period - Jamie Benn wins face-off versus Valtteri Filppula in Jets zone.
17:40 of 3rd period - Off-side.
17:41 of 3rd period - Valtteri Filppula wins face-off versus Jamie Benn in neutral zone.
17:43 of 3rd period - T.J. Oshie is hit by Kimmo Timonen and loses puck.
17:47 of 3rd period - Minor Penalty to Connor Murphy for Hooking.
17:48 of 3rd period - Nicklas Backstrom wins face-off versus Boyd Gordon in Jets zone.
17:53 of 3rd period - Shot by Max Pacioretty.
17:53 of 3rd period - Shot Misses the Net.
18:48 of 3rd period - Minor Penalty to T.J. Oshie for Goalie Interference.
18:49 of 3rd period - Jamie Benn wins face-off versus Steven Stamkos in Predators zone.
19:00 of 3rd period - Shot by Corey Perry.
19:00 of 3rd period - Stopped by Anton Khudobin without a rebound.
19:01 of 3rd period - Steven Stamkos wins face-off versus Joe Pavelski in Predators zone.
19:01 of 3rd period - Steven Stamkos is hit by Joe Pavelski.
19:25 of 3rd period - Shot by Steven Stamkos.
19:25 of 3rd period - Stopped by Cory Schneider without a rebound.
19:26 of 3rd period - Jamie Benn wins face-off versus Justin Abdelkader in Jets zone.
19:31 of 3rd period - Shot by Corey Perry.
19:31 of 3rd period - Shot Misses the Net.
19:33 of 3rd period - Shot by Corey Perry.
19:33 of 3rd period - Stopped by Anton Khudobin without a rebound.
19:34 of 3rd period - Jamie Benn wins face-off versus Steven Stamkos in Predators zone.
19:39 of 3rd period - Shot by Corey Perry.
19:39 of 3rd period - Shot Misses the Net.
19:41 of 3rd period - Shot by Corey Perry.
19:41 of 3rd period - Shot Blocked by Roman Josi.
19:47 of 3rd period - Shot by Jason Garrison.
19:47 of 3rd period - Stopped by Anton Khudobin without a rebound.
19:48 of 3rd period - Valtteri Filppula wins face-off versus Joe Pavelski in Predators zone.
Goals for this period are 1 for Jets vs 0 for Predators.
Shots for this period are 7 for Jets vs 7 for Predators.


Output by the SimonT Hockey Simulator (STHS) for Stephane Roy -- Original Page W3C XHTML 1.0 Valid
Hockey Simulator - Hockey Simulation - Hockey Manager